 Dungeon Crawl Stone Soup version 0.20.1-1-g8b1a95d (webtiles) character file.

51 pstr the Conjurer (level 4, -4/24 HPs)
             Began as a Kobold Conjurer on Nov 29, 2017.
             Killed from afar by an orc wizard (8 damage)
             ... with a puff of frost
             ... on level 4 of the Dungeon.
             The game lasted 00:04:06 (1548 turns).

pstr the Conjurer (Kobold Conjurer)                 Turns: 1548, Time: 00:04:07

Health: -4/24      AC:  2    Str:  4 (5)  XL:     4   Next: 7%
Magic:  6/7        EV: 15    Int: 17 (19) God:
Gold:   57         SH:  0    Dex: 12 (15) Spells: 5/8 levels left

rFire    . . .     SeeInvis .   d - +0 spear
rCold    . . .     Gourm    .   (shield restricted)
rNeg     . . .     Faith    .   a - +0 robe
rPois    .         Spirit   .   (no helmet)
rElec    .         Reflect  .   (no cloak)
rCorr    .         Harm     .   (no gloves)
MR       .....                  (no boots)
Stlth    ++........             (no amulet)
Regen    0.1/turn               l - +2 ring of intelligence
MPRegen  0.1/turn               (no ring)

@: no status effects
A: carnivore 3
a: no special abilities


You were on level 4 of the Dungeon.
You were full.

You visited 1 branch of the dungeon, and saw 4 of its levels.

You collected 57 gold pieces.

Inventory:

Hand Weapons
 d - a +0 spear (weapon)
Missiles
 f - 27 stones (quivered)
Armour
 a - a +0 robe (worn)
 e - a +0 ring mail
Jewellery
 l - a +2 ring of intelligence (left hand)
Scrolls
 g - a scroll of magic mapping {unknown}
 i - a scroll of random uselessness {unknown}
 k - a scroll of recharging {unknown}
 o - a scroll of fog {unknown}
 p - 2 scrolls of blinking {unknown}
 q - a scroll of remove curse {unknown}
 r - 2 scrolls of identify {unknown}
Books
 b - a book of Conjurations

   Spells                             Type                      Level
   a - Magic Dart                     Conjuration                  1
   b - Searing Ray                    Conjuration                  2
   c - Dazzling Spray                 Conjuration/Hexes            3
   d - Fulminant Prism                Conjuration/Hexes            4
   e - Force Lance                    Conjuration/Translocation    4
   f - Iskenderun's Mystic Blast      Conjuration                  4
Comestibles
 c - a meat ration
 n - 2 royal jellies


   Skills:
 + Level 0.4 Fighting
 + Level 0.4 Polearms
 + Level 2.8 Dodging
 + Level 2.9 Stealth
 + Level 2.5 Spellcasting
 + Level 4.7 Conjurations


You had 5 spell levels left.
You knew the following spells:

 Your Spells              Type           Power        Failure   Level  Hunger
a - Magic Dart            Conj           ###.         2%          1    #......
b - Searing Ray           Conj           ###...       4%          2    ##.....


Dungeon Overview and Level Annotations

Branches:
Dungeon (4/15)
 Temple: D:4-7

Altars:


Innate Abilities, Weirdness & Mutations

You are small and have problems with some larger weapons.
You are carnivorous and can eat meat at any time.


Message History

A puff of frost appears from out of thin air!
The puff of frost hits you!
You hear some strange, mumbled words.
Something tries to affect you, but you resist.
You aren't carrying any potions.
You're too confused!
You feel less confused.
You see here a hand axe.
A puff of flame appears from out of thin air!
The puff of flame hits something.
The orc suddenly jeers.
An orc wizard appears from thin air!
Reactivating autopickup.
The orc wizard points at you and mumbles some strange words.
The puff of flame hits you!
* * * LOW HITPOINT WARNING * * *
A puff of frost appears from out of thin air!
Deactivating autopickup; reactivate with Ctrl-A.
The puff of frost hits you!
You die...

# ###. ##.# #...####
####.<..# #.##...# ##....#
#.##...#
###..###############.##...#
........)%)oo...@.........#
##..#######.........###...#
...## ##.###..### #...#
.### #[....## #..<# .
##..### ##### #..# #..##
..... ##.#..


You could see an orc wizard and an orc.

Vanquished Creatures
  2 adders (D:3)
  3 worms
  2 orcs
  A giant cockroach (D:1)
  4 hobgoblins
  2 jackals
  A quokka (D:3)
  A ball python (D:3)
  A bat (D:3)
  3 frilled lizards (D:3)
  2 goblins
  A rat (D:2)
23 creatures vanquished.

Notes
Turn   | Place    | Note
-------+----------+-------------------------------------------
     0 | D:1      | pstr the Kobold Conjurer began the quest for the Orb.
     0 | D:1      | Reached XP level 1. HP: 10/10 MP: 3/3
   134 | D:2      | Reached XP level 2. HP: 15/15 MP: 0/5
   261 | D:1      | Learned a level 2 spell: Searing Ray
   689 | D:3      | Reached XP level 3. HP: 19/19 MP: 0/6
  1238 | D:3      | Reached XP level 4. HP: 24/24 MP: 2/7
  1548 | D:4      | Killed from afar by an orc wizard

Action                   |  1- 3 |  4- 6 || total
-------------------------+-------+-------++-------
Melee: Spear             |    23 |     4 ||    27
 Cast: Magic Dart        |    31 |     3 ||    34
       Searing Ray       |     9 |     2 ||    11
  Use: Potion            |     1 |     3 ||     4
  Eat: Chunk             |     7 |       ||     7
Armor: Robe              |     7 |       ||     7
Dodge: Dodged            |    38 |     9 ||    47
